 Dungeon Crawl Stone Soup version 0.23-a0-436-g57debff (webtiles) character file.

121 nikopol the Firebug (level 4, -5/24 HPs)
             Began as a Deep Elf Fire Elementalist on Nov 15, 2018.
             Slain by an orc
             ... wielding a +0 flail
              (11 damage)
             ... on level 4 of the Dungeon on Nov 16, 2018.
             The game lasted 00:05:53 (2464 turns).

nikopol the Firebug (Deep Elf Fire Elementalist)    Turns: 2464, Time: 00:05:54

Health: -5/24      AC:  3    Str:  5    XL:     4   Next: 76%
Magic:  1/12       EV: 13    Int: 21    God:
Gold:   180        SH:  0    Dex: 15    Spells: 1/11 levels left

rFire    . . .     SeeInvis .   (no weapon)
rCold    . . .     Gourm    .   (no shield)
rNeg     . . .     Faith    .   a - +0 robe
rPois    .         Spirit   .   (no helmet)
rElec    .         Reflect  .   f - +0 cloak
rCorr    .         Harm     .   (no gloves)
MR       .....                  (no boots)
Stlth    ++........             (no amulet)
HPRegen  0.08/turn              (no ring)
MPRegen  0.13/turn              (no ring)

@: no status effects
A: no striking features
a: no special abilities


You were on level 4 of the Dungeon.
You were hungry.

You visited 1 branch of the dungeon, and saw 4 of its levels.

You collected 180 gold pieces.

Inventory:

Armour
 a - a +0 robe (worn)
 f - a +0 cloak (worn)
Jewellery
 g - an uncursed ring of protection from fire {unknown}
 l - an uncursed ring of see invisible {unknown}
Scrolls
 b - 2 scrolls of random uselessness {unknown}
 d - a scroll of enchant armour {unknown}
 e - 2 scrolls of blinking {unknown}
 h - 2 scrolls of remove curse {unknown}
 p - a scroll of teleportation {unknown}
 q - a scroll of identify {unknown}
 r - a scroll of fear {unknown}
Potions
 i - a potion of curing {unknown}
 j - a potion of lignification {unknown}
 k - a potion of berserk rage {unknown}
 m - 2 potions of heal wounds {unknown}
 o - a potion of degeneration {unknown}
Comestibles
 c - 2 rations


   Skills:
 + Level 0.1 Fighting
 + Level 2.8 Dodging
 + Level 3.2 Stealth
 + Level 4.1 Spellcasting
 + Level 2.6 Conjurations
 + Level 4.3 Fire Magic


You had one spell level left.
You knew the following spells:

 Your Spells              Type           Power        Failure   Level  Hunger
a - Flame Tongue          Conj/Fire      ###..        2%          1    None
b - Throw Flame           Conj/Fire      ###...       4%          2    #......
c - Conjure Flame         Conj/Fire      ###.....     9%          3    ###....
d - Sticky Flame          Conj/Fire      ###.....     28%         4    ####...

Your spell library contained the following spells:

 Spells                   Type           Power        Failure   Level  Hunger
 Inner Flame              Hex/Fire       ##......     14%         3    ###....
 Fireball                 Conj/Fire      ###.......   61%         5    ######.


Dungeon Overview and Level Annotations

Branches:
Dungeon (4/15)
 Temple: D:4-7

Altars:
Dithmenos

Annotations:
D:4 Ijyb


Message History

Aiming: Flame Tongue (safe; 2% risk of failure)
Press: ? - help, Shift-Dir - straight line, f/p - Ijyb
Aim: Ijyb, wearing a +0 leather armour (heavily wounded)
The flame tongue misses Ijyb.
Something hits you but does no damage. The orc barely misses you.
The orc misses you. Ijyb hits you.
* * * LOW HITPOINT WARNING * * *
Casting: Flame Tongue (safe; 2% risk of failure)
Confirm with . or Enter, or press ? or * to list all spells.
Aiming: Flame Tongue (safe; 2% risk of failure)
Press: ? - help, Shift-Dir - straight line, f/p - Ijyb
Aim: Ijyb, wearing a +0 leather armour (heavily wounded)
The flame tongue hits Ijyb.
Ijyb is severely wounded.
An orc wizard appears from thin air!
Reactivating autopickup.
The orc wizard hits you with a +0 dagger.
* * * LOW HITPOINT WARNING * * *
The orc closely misses you. The orc hits you but does no damage.
The orc hits you with a +0 flail!
You die...

###... ...# ..
###.#.#.....##..
..!...#.........
.........#........
#..................
#..$...............
........oog#.......
........o@##......
#......o##.......
##.......)....#
.....>........####.
...................
........#..##.#.#..
.......##.<# # #
....... #..#
..#.........


You could see Ijyb, an orc wizard and 3 orcs.

Vanquished Creatures
  A howler monkey (D:4)
  2 adders (D:2)
  An ooze (D:2)
  A worm (D:3)
  A dart slug (D:2)
  A leopard gecko (D:2)
  4 orcs (D:3)
  5 bats (D:3)
  3 giant cockroaches (D:1)
  6 goblins
  6 hobgoblins
  3 jackals (D:2)
  5 frilled lizards
  4 kobolds
  6 rats
49 creatures vanquished.

Notes
Turn   | Place    | Note
-------+----------+-------------------------------------------
     0 | D:1      | nikopol the Deep Elf Fire Elementalist began the quest for
                  | the Orb.
     0 | D:1      | Reached XP level 1. HP: 10/10 MP: 6/6
   326 | D:1      | Reached XP level 2. HP: 15/15 MP: 6/8
   835 | D:2      | Reached XP level 3. HP: 10/19 MP: 1/9
  1558 | D:3      | Found a shadowy altar of Dithmenos.
  1999 | D:3      | Reached XP level 4. HP: 17/24 MP: 7/11
  2137 | D:3      | Found a faded altar of an unknown god.
  2391 | D:3      | Upgraded the game from 0.23-a0-435-g79ed067 to
                  | 0.23-a0-436-g57debff
  2420 | D:4      | Learned a level 2 spell: Throw Flame
  2424 | D:4      | Learned a level 3 spell: Conjure Flame
  2429 | D:4      | Learned a level 4 spell: Sticky Flame
  2432 | D:4      | Noticed Ijyb
  2464 | D:4      | Slain by an orc

Vault maps used:
D:1:      lemuel_arrival_room
D:3:      chequers_ecumenical_altar_twisty, chequers_serial_rivers_micro_e,
          grunt_dithmenos_smoke
D:4:      serial_shops, shop, st_stairs_7, uniq_ijyb

Skill      XL: |  1  2  3  4 |
---------------+-------------+-----
Fire Magic     | 4 |  4.3
Conjurations   | 2 |  2.6
Stealth        | 3 |  3.2
Spellcasting   | 4 |  4.1
Fighting       | |  0.1
Dodging        | |  2.8

Action                   |  1- 3 |  4- 6 || total
-------------------------+-------+-------++-------
Melee: Unarmed           |       |     9 ||     9
 Cast: Flame Tongue      |    69 |    32 ||   101
  Eat: Chunk             |     3 |     1 ||     4
Armor: Robe              |     4 |     3 ||     7
       Skin              |       |    57 ||    57
Dodge: Dodged            |    18 |    18 ||    36

Table legend:
 A = Non-vault XP
 B = Vault XP
 C = Vault XP percentage of total XP
 D = Non-vault monster count
 E = Vault monster count
 F = Vault count percentage of total count
                 A         B        C        D         E       F
            +---------+---------+-------+---------+---------+-------
      Total |     173 |       0 |   0.0 |      49 |       0 |   0.0
            +---------+---------+-------+---------+---------+-------
        D:1 |      19 |       0 |   0.0 |      13 |       0 |   0.0
        D:2 |      57 |       0 |   0.0 |      15 |       0 |   0.0
        D:3 |      42 |       0 |   0.0 |      20 |       0 |   0.0
        D:4 |      55 |       0 |   0.0 |       1 |       0 |   0.0
            +---------+---------+-------+---------+---------+-------
